 Dungeon Crawl Stone Soup version 0.27-a0-124-g19cb506db8 (webtiles) character file.

Game seed: 2909414761592099449

28 knot the Chopper (level 3, 29/29 HPs)
             Began as a Demonspawn Berserker on Jan 26, 2021.
             Was a Believer of Trog.
             Quit the game on level 2 of the Dungeon.
             The game lasted 00:01:21 (893 turns).

knot the Chopper (Demonspawn Berserker)              Turns: 893, Time: 00:01:21

Health: 29/29      AC:  5    Str: 17    XL:     3   Next: 0%
Magic:  3/3        EV: 11    Int:  9    God:    Trog [**....]
Gold:   72         SH:  0    Dex: 12    Spells: 2/2 levels left

rFire    . . .     SeeInvis .   a - +0 hand axe
rCold    . . .     Faith    .   (no shield)
rNeg     . . .     Spirit   .   g - +0 ring mail
rPois    .         Reflect  .   (no helmet)
rElec    .         Harm     .   (no cloak)
rCorr    .         Rampage  .   (no gloves)
Will     .....                  (no boots)
Stlth    +.........             (no amulet)
HPRegen  0.09/turn              (no ring)
MPRegen  0.08/turn              (no ring)

@: no status effects
A: powered by pain 1, sturdy frame 1
a: Renounce Religion, Berserk, Trog's Hand


You were on level 2 of the Dungeon.
You worshipped Trog.
Trog was pleased with you.
You visited 1 branch of the dungeon, and saw 2 of its levels.

You collected 72 gold pieces.

Inventory:

Hand Weapons
 a - a +0 hand axe (weapon)
Missiles
 c - 68 stones
 i - 18 poisoned darts (quivered)
Armour
 g - a +0 ring mail (worn)
Scrolls
 d - a scroll of remove curse {unknown}
 e - a scroll of teleportation {unknown}
 f - a scroll of fear {unknown}
 h - 2 scrolls of immolation {unknown}
 j - a scroll of identify {unknown}
 k - a scroll of enchant weapon {unknown}
Potions
 b - a potion of resistance {unknown}


   Skills:
 - Level 3.0 Fighting
 * Level 3.6 Axes
 * Level 0.6 Throwing
 - Level 1.7 Armour
 - Level 1.7 Dodging


You had 2 spell levels left.
You didn't know any spells.
Your spell library was empty.

Dungeon Overview and Level Annotations

Branches:
Dungeon (2/15)

Altars:


Innate Abilities, Weirdness & Mutations

You sometimes gain a little power by taking damage.
Your movements are slightly less encumbered by armour. (ER -2)


Message History

The poisoned dart closely misses the rat.
Throw: 20 darts (poison)
Press: ? - help, Q - select action, (/) - cycle Shift-Dir - straight line, f/p - rat
Aim: a rat (57% to hit)
You throw a poisoned dart.
The poisoned dart closely misses the rat.
Throw: 19 darts (poison)
Press: ? - help, Q - select action, (/) - cycle Shift-Dir - straight line, f/p - rat
Aim: a rat (57% to hit)
You throw a poisoned dart. The poisoned dart hits the rat.
The rat is poisoned.
You kill the rat!
Trog accepts your kill.
You have reached level 3!
Your experience leads to an increase in your attributes!
Increase (S)trength, (I)ntelligence, or (D)exterity?
You feel clever.
Your demonic ancestry asserts itself...
You feel energised by your suffering.
Are you sure you want to abandon this character and quit the game? (Confirm with "yes".)
Okay, then.
Are you sure you want to abandon this character and quit the game? (Confirm with "yes".)

#.# #.# ##+# #.# ##..(##
#.# ##....(## ##.##
##.......##
##...####......(..#
#.......+.........+
##...####.........# #..##
#.....@.# #.## ##.....##
#.# ##...## #)# ##'## #.#
#.# #.# #.# ###.####
##.## .......# ##[..##
###.##.#####.....########


There were no monsters in sight!

Vanquished Creatures
  A leopard gecko (D:1)
  3 hobgoblins
  5 jackals
  2 bats (D:1)
  3 frilled lizards (D:1)
  3 goblins (D:1)
  4 kobolds (D:1)
  6 rats
27 creatures vanquished.

Notes
Turn   | Place    | Note
-------+----------+-------------------------------------------
     0 | D:1      | knot the Demonspawn Berserker began the quest for the Orb.
     0 | D:1      | Reached XP level 1. HP: 18/18 MP: 1/1
   313 | D:1      | Gained mutation: Your movements are slightly less
                  | encumbered by armour. (ER -2) [demonic ancestry]
   313 | D:1      | Reached XP level 2. HP: 22/24 MP: 2/2
   601 | D:1      | Reached ** piety under Trog
   893 | D:2      | Gained mutation: You sometimes gain a little power by
                  | taking damage. [demonic ancestry]
   893 | D:2      | Reached XP level 3. HP: 29/29 MP: 3/3
   893 | D:2      | Quit the game

Illustrated notes

Levels and vault maps discovered:
D:1:      co_arrival_square_in_a_square_in_a_square, layout_rooms, st_stairs_10,
          hangedman_glass_teeth, minmay_misc_feat_tiny, corexii_hall_statues_i,
          minivault_11
D:2:      layout_loops_corners, okawaru_ov_weapons_minmay

Skill      XL: |  1 |
---------------+----+-----
Axes           | 3 |  3.6
Fighting       | |  3.0
Throwing       | |  0.6
Armour         | |  1.7
Dodging        | |  1.7

Action                   || total
-------------------------++-------
Melee: Hand axe          ||    57
Throw: Dart              ||    18
Invok: Berserk           ||     1
Armor: Ring mail         ||    22
Dodge: Dodged            ||    46

Table legend: (Time is in decaauts)
 A = Elapsed time spent in this place.
 B = Non-inter-level travel time spent in this place.
 C = Inter-level travel time spent in this place.
 D = Time resting spent in this place.
 E = Time spent auto-exploring this place.
 F = Levels seen in this place.
 G = Mean time per level.
                   A        B        C        D        E       F      G
               +--------+--------+--------+--------+--------+-----+--------+
         Total |    909 |    902 |      7 |     52 |    694 |   2 |  454.5 |
       Dungeon |    909 |    902 |      7 |     52 |    694 |   2 |  454.5 |
               +--------+--------+--------+--------+--------+-----+--------+

Top non-repeatable levels by time:
     D:1: 790 daAuts
     D:2: 119 daAuts
